 Dungeon Crawl Stone Soup version 0.28-b1-25-g9875b3fc8c (webtiles) character file.

Game seed: 7269539792979059833

159670 crazypyro the Slayer (level 17, -6/176 HPs)
             Began as a Minotaur Fighter on Jan 31, 2022.
             Was the Champion of Okawaru.
             Killed by divine providence
             ... invoked by a meliai
              (12 damage)
             ... on level 4 of the Spider Nest.
             The game lasted 01:03:57 (33313 turns).

crazypyro the Slayer (Minotaur Fighter)            Turns: 33313, Time: 01:03:58

Health: -6/176     AC: 45    Str: 22 (23) XL:     17   Next: 16%
Magic:  1/19       EV: 11    Int:  4 (5)  God:    Okawaru [******]
Gold:   3883       SH: 18    Dex: 18 (19) Spells: 16/16 levels left

rFire   + . .      SeeInvis .   D - +8 broad axe (flame)
rCold   + . .      Faith    .   w - +3 buckler
rNeg    . . .      Spirit   .   G - +11 crystal plate armour of Peek-a-Boo {Dex+3}
rPois   +          Reflect  +   v - +0 hat
rElec   .          Harm     .   U - +0 cloak {rPois}
rCorr   .          Rampage  .   f - +0 pair of gloves
Will    ++...                   (no boots)
Stlth   ..........              e - amulet of reflection
HPRegen 0.39/turn               r - ring of protection from fire
MPRegen 0.16/turn               t - ring of willpower

@: heroic, finesse-ful, studying Crossbows
A: horns 2, retaliatory headbutt, cold resistance 1, low MP 1, sturdy frame 1
a: Renounce Religion, Heroism, Finesse, Duel


You were on level 4 of the Spider Nest.
You worshipped Okawaru.
Okawaru was exalted by your worship.
You visited 6 branches of the dungeon, and saw 29 of its levels.
You also visited: Gauntlet.

You collected 4337 gold pieces.
You spent 454 gold pieces at shops.

Inventory:

Hand Weapons
 C - a +4 executioner's axe of flaming
 D - a +8 broad axe of flaming (weapon)
 N - a +3 broad axe of electrocution
 Q - a +3 vorpal war axe
 Z - a +0 broad axe of flaming
Missiles
 k - a throwing net (quivered)
Armour
 f - a +0 pair of gloves (worn)
 s - the +2 chain mail "Lawanih" {rC+ rN+ Regen+ Stlth+}
   (Okawaru gifted it to you on level 2 of the Lair of Beasts)

   rC:        It protects you from cold.
   rN:        It protects you from negative energy.
   Regen:     It increases your rate of health regeneration.
   Stlth:     It makes you more stealthy.
 v - a +0 hat (worn)
 w - a +3 buckler (worn)
 G - the +11 crystal plate armour of Peek-a-Boo (worn) {Dex+3}
   (Okawaru gifted it to you on level 1 of the Spider Nest)

   Dex:       It affects your dexterity (+3).
 U - a +0 cloak of poison resistance (worn)
 X - the +1 robe "Ygrubb" {Str+5 Slay+4 SInv Stlth-}
   (Okawaru gifted it to you on level 6 of the Lair of Beasts)

   Str:       It affects your strength (+5).
   Slay:      It affects your accuracy & damage with ranged weapons and melee
   (+4).
   SInv:      It lets you see invisible.
   Stlth:     It makes you less stealthy.
 Y - a +0 tower shield
Jewellery
 e - an amulet of reflection (around neck)
 o - a +4 ring of slaying
 r - a ring of protection from fire (left hand)
 t - a ring of willpower (right hand)
 u - a ring of protection from cold
 E - a ring of protection from cold
 I - a ring of positive energy
 K - a +6 ring of dexterity
 S - a ring of flight
Wands
 c - a wand of iceblast (37)
 q - a wand of polymorph (32)
 x - a wand of flame (25)
 H - a wand of paralysis (13)
 J - a wand of acid (22)
 L - a wand of mindburst (10)
 W - a wand of digging (13)
Scrolls
 b - 4 scrolls of fear
 g - 6 scrolls of magic mapping
 i - a scroll of holy word
 y - 12 scrolls of teleportation
 A - 3 scrolls of amnesia
 B - 5 scrolls of blinking
 O - 4 scrolls of enchant armour
 R - 3 scrolls of fog
Potions
 d - 2 potions of might
 j - 2 potions of flight
 l - 7 potions of ambrosia
 m - 2 potions of resistance
 n - 2 potions of berserk rage
 p - 3 potions of cancellation
 z - 7 potions of magic
 F - 4 potions of brilliance
 P - 5 potions of curing
 T - a potion of invisibility
 V - a potion of haste


   Skills:
 + Level 21.9(26.9) Fighting
 + Level 18.2(23.2) Axes
 * Level 21.0(26.0) Armour
 - Level 3.2(8.2) Dodging
 + Level 15.4(20.4) Shields
 - Level 7.1 Invocations
 + Level 6.8 Evocations


You had 16 spell levels left.
You didn't know any spells.
Your spell library contained the following spells:

 Spells                   Type           Power      Damage    Failure   Level
 Magic Dart               Conj           0%         1d3       99%         1
 Corpse Rot               Necr/Air       0%         N/A       99%         2
 Poisonous Vapours        Pois/Air       0%         N/A       99%         2
 Searing Ray              Conj           0%         2d4       99%         2
 Static Discharge         Conj/Air       0%         N/A       99%         2
 Conjure Flame            Conj/Fire      0%         6-21      100%        3
 Dazzling Flash           Conj/Hex       0%         N/A       100%        3
 Gell's Gravitas          Tloc           0%         N/A       100%        3
 Ignite Poison            Fire/Tmut/Pois 0%         N/A       100%        3
 Ozocubu's Armour         Ice            0%         N/A       100%        3
 Teleport Other           Tloc           0%         N/A       100%        3
 Airstrike                Air            0%         N/A       100%        4
 Dispel Undead            Necr           0%         3d6       100%        4
 Fulminant Prism          Conj/Hex       0%         3d6       100%        4
 Ice Form                 Ice/Tmut       0%         N/A       100%        4
 Passage of Golubria      Tloc           0%         N/A       100%        4
 Petrify                  Tmut/Erth      0%         N/A       100%        4
 Sticky Flame             Conj/Fire      0%         2d3       100%        4
 Agony                    Necr           0%         N/A       100%        5
 Fireball                 Conj/Fire      0%         3d3       100%        5
 Iskenderun's Battlesphe  Conj           0%         2d6       100%        5
 Lightning Bolt           Conj/Air       0%         1d11      100%        5
 Silence                  Hex/Air        0%         N/A       100%        5
 Yara's Violent Unravell  Hex/Tmut       0%         3d3       100%        5
 Conjure Ball Lightning   Conj/Air       0%         3x3d6     100%        6
 Dispersal                Tloc           0%         N/A       100%        6
 Starburst                Conj/Fire      0%         6d3       100%        6
 Orb of Destruction       Conj           0%         9d5       100%        7
 Ozocubu's Refrigeration  Ice            0%         4d5       100%        7
 Storm Form               Tmut/Air       0%         N/A       100%        7
 Maxwell's Capacitive Co  Air            0%         ∞         100%        8
 Tukima's Dance           Hex            Unusable   N/A       N/A         3
 Summon Lightning Spire   Summ/Air       Unusable   N/A       N/A         4

Dungeon Overview and Level Annotations

Branches:
Dungeon (15/15)            Temple (1/1) D:5            Lair (6/6) D:10
 Shoals (0/4) Lair:3       Spider (4/4) Lair:3        Slime (0/5) Lair:5
    Orc (2/2) D:11            Elf (1/3) Orc:2        Depths (0/4) D:15
Gauntlet (visited)
 Vaults: D:13-14

Altars:
Ashenzari
Cheibriados
Dithmenos
Hepliaklqana
Kikubaaqudgha
Nemelex Xobeh
Okawaru
Ru
Sif Muna
Trog
Vehumet
Wu Jian
Xom
Yredelemnul
The Shining One
Jiyva

Shops:
D:11 *   Orc:2 [=(*

Portals:
Trove: D:10 (give +5 demon blade)

Annotations:
Lair:4 2 transporters, crazypyro's ghost, journeyman MiFi
Spider:3 1 runed translucent door, rocky1's ghost, adept MiFi


Innate Abilities, Weirdness & Mutations

You have a pair of horns on your head.
You reflexively headbutt those who attack you in melee.
Your flesh is cold resistant. (rC+)
Your magical capacity is low. (-10% MP)
Your movements are slightly less encumbered by armour. (ER -2)


Message History

You hear an angry buzzing noise.
The emperor scorpion stings you but does no damage.
You block the emperor scorpion's attack. x2
You hit something. You burn something. You hit the emperor scorpion.
You burn the emperor scorpion. You slash the wolf spider!
You burn the wolf spider. You barely miss the emperor scorpion.
You hit the jumping spider but do no damage.
You feel very sick.
You feel you are being watched by something.
You feel your power leaking away.
Something hits you but does no damage. x2
Something stings you but does no damage.
The moth of wrath goads the emperor scorpion on!
The emperor scorpion goes berserk!
The emperor scorpion stings you!!
You block the emperor scorpion's attack.
The emperor scorpion closely misses you.
Blink to where?
Press: ? - help, Dir - move target
As you read the scroll of blinking, it crumbles to dust.
You feel extremely sick.
You feel you are being watched by something.
You feel extremely sick.
You pick your way through the web.
You feel very sick.
There is a web here.
You feel very sick.
The jumping spider leaps! x2
You feel better.
A meliai comes into view. It is wielding a +0 war axe.
You feel you are being watched by something.
The jumping spider leaps!
You see here a culicivora corpse.
The emperor scorpion stings you!!
* * * LOW HITPOINT WARNING * * *
The emperor scorpion claws you but does no damage.
The emperor scorpion claws you!
* * * LOW HITPOINT WARNING * * *
The meliai mumbles some strange prayers to its god against you.
Something smites you!
You die...

#####..........##
###^≈^^...........##
^......†...........## ..s
....^..........^..^^# !y
......^...≈.^######## ..
..^^^≈#####≈^^^^^≈.^######## ^.
#######.≈^.^........^^≈^.^.#####.
.≈.≈^.≈..............#....^^≈...≈
........†.......@.ss.{.s.....†..y
..............^..^††y#s.y..°.†§†s
...........^...^≈..^^^..^........
.≈..^.^.^....########^^.....^.§^.
###########†^......####......##.^
...≈..≈.^^^.......## ###..^##^≈#
...........^....^## #####....
.................# ^...
^..............^## .....


You could see 2 emperor scorpions, a wolf spider, a jumping spider and a meliai.

Vanquished Creatures
  Nikola (Elf:1)
  An orc warlord (Orc:2)
  2 emperor scorpions
  Louise (Spider:2)
  The ghost of AlmostDecent the Thaumaturge, a journeyman GnEE of Ashenzari (Lair:6)
  2 ghost moths
  5 broodmothers
  A stone giant (D:15)
  A deep elf demonologist (Elf:1)
  3 spark wasps
  A minotaur (Gauntlet)
  4 entropy weavers
  Snorg (D:10)
  3 deep elf high priests (Elf:1)
  The ghost of Dikli the Blocker, a journeyman MiBe of Trog (Lair:3)
  2 radroaches
  5 boulder beetles
  5 centaur warriors
  A jorogumo (Spider:3)
  8 hydras
  2 dancing weapons (Elf:1)
  4 death yaks (Lair:4)
  3 tengu warriors
  2 two-headed ogres
  An orc high priest (Orc:1)
  Sonja (Orc:2)
  8 pharaoh ants
  5 deep elf knights (Elf:1)
  A spectral death yak (Lair:3)
  2 sixfirhies (Gauntlet)
  10 skeletal warriors
  6 steelbarb worms
  11 orb spiders
  4 deep elf archers (Elf:1)
  A swamp dragon (shapeshifter) (Elf:1)
  14 deep elf zephyrmancers
  13 wolf spiders
  A spectral hydra (Lair:3)
  2 necromancers
  6 orc knights
  13 deep elf pyromancers
  5 orc sorcerers
  8 ugly things (D:15)
  A cyclops (D:14)
  4 manticores
  5 moths of wrath
  7 black mambas
  A black mamba (shapeshifter) (D:14)
  6 torpor snails
  An unseen horror (D:11)
  5 cane toads
  5 rime drakes
  Maggie (D:7)
  A yaktaur (D:15)
  8 demonic crawlers
  5 komodo dragons
  A tengu conjurer (D:14)
  A freezing wraith (D:14)
  A queen bee (shapeshifter) (D:15)
  A queen bee (Lair:1)
  13 meliai
  2 polar bears
  2 hornets (Lair:6)
  7 trolls
  12 slime creatures
  29 tarantellas
  A snapping turtle (Lair:3)
  5 blink frogs
  3 dream sheep (Lair:6)
  28 jumping spiders
  A spectral dream sheep (Lair:3)
  An air elemental (Elf:1)
  A vampire (D:10)
  36 culicivoras
  11 spriggans (Lair:6)
  2 wraiths (D:10)
  8 wyverns
  4 water elementals
  12 yaks
  46 redbacks
  8 basilisks
  2 fire elementals (Elf:1)
  8 vampire mosquitoes
  A death yak simulacrum (Lair:3)
  A steam dragon (D:8)
  An acid dragon (D:8)
  5 wargs (Orc:1)
  A hydra simulacrum (Lair:3)
  8 water moccasins
  Duvessa (D:7)
  A swamp drake (D:10)
  A sky beast (D:8)
  6 black bears
  2 ice beasts
  A spectral torpor snail (Lair:3)
  22 orc warriors
  A necrophage (D:6)
  5 boggarts (Lair:6)
  5 ogres
  34 wolves
  2 centaurs
  2 phantoms
  14 bullfrogs
  3 earth elementals (Elf:1)
  A scorpion (D:7)
  A wyvern skeleton (D:7)
  Dowan (D:7)
  A water moccasin skeleton (D:6)
  24 killer bees (Lair:1)
  An electric eel (Spider:2)
  5 howler monkeys
  A bullfrog zombie (D:5)
  4 centaur zombies
  3 jellies
  13 orc priests
  4 hounds
  A gnoll shaman (D:8)
  A bullfrog skeleton (D:6)
  5 iguanas
  Terence (D:2)
  22 orc wizards
  4 yak simulacra (Lair:2)
  3 hell rats (Lair:3)
  A polar bear simulacrum (Lair:2)
  2 wolf simulacra (Lair:2)
  A howler monkey zombie (D:8)
  Robin (D:2)
  11 gnolls
  A howler monkey skeleton (D:5)
  5 adders
  11 river rats (Lair:3)
  A shadow imp (D:6)
  6 white imps
  An ufetubus (D:5)
  An adder skeleton (D:4)
  4 worms
  2 dart slugs
  61 orcs
  7 endoplasms
  2 giant cockroaches
  9 hobgoblins
  3 jackals (D:3)
  3 quokkas (D:3)
  6 ball pythons
  6 bats
  A frilled lizard (D:1)
  9 goblins
  3 kobolds
  7 rats
  4 river rat simulacra (Lair:2)
850 creatures vanquished.

Vanquished Creatures (others)
  34 fungi
  32 plants
  12 withered plants (D:3)
78 creatures vanquished.

Grand Total: 928 creatures vanquished

Notes
Turn   | Place    | Note
-------+----------+-------------------------------------------
     0 | D:1      | crazypyro the Minotaur Fighter began the quest for the Orb.
     0 | D:1      | Reached XP level 1. HP: 19/19 MP: 0/0
   482 | D:1      | Reached XP level 2. HP: 26/26 MP: 1/1
  1338 | D:2      | Noticed Robin
  1343 | D:2      | Reached XP level 3. HP: 29/31 MP: 2/2
  1348 | D:2      | Killed Robin
  1401 | D:2      | Noticed Terence
  1408 | D:2      | Killed Terence
  1409 | D:2      | Reached skill level 5 in Axes
  1409 | D:2      | Reached XP level 4. HP: 27/39 MP: 3/3
  2267 | D:3      | Identified a scroll of acquirement
  2267 | D:3      | Acquired a manual of Fighting
  2699 | D:3      | Found a faded altar of an unknown god.
  2890 | D:3      | Reached XP level 5. HP: 37/47 MP: 4/4
  3090 | D:4      | Reached skill level 5 in Fighting
  3412 | D:4      | Got the Guide on Hurtful Transmigration
  3569 | D:4      | Reached XP level 6. HP: 60/60 MP: 5/5
  3767 | D:5      | Entered Level 5 of the Dungeon
  3920 | D:5      | Noticed an ice beast
  3926 | D:5      | Killed an ice beast
  3937 | D:5      | Found a staircase to the Ecumenical Temple.
  3963 | Temple   | Entered the Ecumenical Temple
  4000 | Temple   | Became a worshipper of Warmaster Okawaru
  4122 | D:5      | Reached skill level 10 in Fighting
  4252 | D:5      | Reached XP level 7. HP: 63/73 MP: 6/6
  5044 | D:6      | Found a shimmering blue altar of Sif Muna.
  5047 | D:6      | Reached * piety under Okawaru
  5139 | D:6      | Reached XP level 8. HP: 86/86 MP: 7/7
  5201 | D:6      | Found a sparkling altar of Nemelex Xobeh.
  5684 | D:6      | Identified the +1 leather armour of Daugy {rElec Int+2}
  5842 | D:6      | Found a sacrificial altar of Ru.
  5922 | D:7      | Noticed Duvessa
  5922 | D:7      | Noticed Dowan
  5928 | D:7      | Killed Duvessa
  5928 | D:7      | Reached ** piety under Okawaru
  5937 | D:7      | Killed Dowan
  6224 | D:7      | Reached skill level 15 in Fighting
  6717 | D:7      | Reached XP level 9. HP: 83/100 MP: 8/8
  6824 | D:7      | Noticed Maggie
  6830 | D:7      | Killed Maggie
  6831 | D:7      | Reached skill level 1 in Dodging
  7269 | D:8      | Identified the +2 long sword of Gloom {flame, +Blink}
  7307 | D:8      | Reached *** piety under Okawaru
  7316 | D:7      | HP: 5/100 [poisoned by a water moccasin]
  7655 | D:7      | Reached skill level 5 in Shields
  8102 | D:8      | Reached skill level 5 in Armour
  8123 | D:8      | Reached **** piety under Okawaru
  8615 | D:9      | Reached XP level 10. HP: 105/108 MP: 9/9
  8663 | D:10     | Entered Level 10 of the Dungeon
  9666 | D:10     | Noticed Snorg
  9682 | D:10     | HP: 4/110 [Snorg (24)]
  9689 | D:10     | Killed Snorg
  9690 | D:10     | Reached skill level 10 in Axes
 10272 | D:10     | Found a portal to a secret trove of treasure.
 10579 | D:10     | trove +5 demon
 10624 | D:10     | Reached ***** piety under Okawaru
 10669 | D:10     | Found a staircase to the Lair.
 10788 | D:11     | Found a staircase to the Orcish Mines.
 10853 | Lair:1   | Entered Level 1 of the Lair of Beasts
 10864 | Lair:1   | Received a gift from Okawaru
 10958 | Lair:1   | Noticed a black mamba
 10969 | Lair:1   | Killed a black mamba
 11212 | Lair:1   | Noticed a cane toad
 11218 | Lair:1   | Killed a cane toad
 11288 | Lair:1   | Reached XP level 11. HP: 69/118 MP: 10/10
 11886 | Lair:1   | Gained mutation: Armour fits poorly on your strangely
                  | shaped body. [potion of mutation]
 11886 | Lair:1   | Gained mutation: You have large cloven feet. [potion of
                  | mutation]
 12536 | Lair:2   | Identified the +2 chain mail "Lawanih" {rC+ rN+ Regen+
                  | Stlth+} (Okawaru gifted it to you on level 2 of the Lair of
                  | Beasts)
 12536 | Lair:2   | Received a gift from Okawaru
 12642 | Lair:2   | Noticed a necromancer
 12649 | Lair:2   | Killed a necromancer
 13159 | Lair:2   | Noticed a six-headed hydra
 13163 | Lair:2   | Killed a three-headed hydra
 13382 | Lair:3   | Found a hole to the Spider Nest.
 13572 | Lair:3   | Found a staircase to the Shoals.
 14182 | Lair:3   | Found a runed translucent gate.
 14199 | Lair:3   | Lost mutation: Armour fits poorly on your strangely shaped
                  | body. [potion of mutation]
 14199 | Lair:3   | Lost mutation: You have large cloven feet. [potion of
                  | mutation]
 14199 | Lair:3   | Gained mutation: Your movements are slightly less
                  | encumbered by armour. (ER -2) [potion of mutation]
 14199 | Lair:3   | Gained mutation: Your flesh is cold resistant. (rC+)
                  | [potion of mutation]
 14268 | Lair:3   | Found a runed translucent gate.
 14269 | Lair:3   | Found a runed translucent gate.
 14273 | Lair:3   | Noticed Dikli's ghost (journeyman MiBe)
 14346 | Lair:4   | Found a transporter.
 14359 | Lair:4   | Found a transporter.
 14360 | Lair:4   | Noticed crazypyro's ghost (journeyman MiFi)
 14410 | Lair:4   | Noticed a six-headed hydra
 14419 | Lair:4   | Killed a two-headed hydra
 14420 | Lair:4   | Reached XP level 12. HP: 114/129 MP: 11/11
 14498 | Lair:4   | Noticed a death yak
 14499 | Lair:4   | Noticed a death yak
 14500 | Lair:4   | Noticed a death yak
 14501 | Lair:4   | Noticed a death yak
 14509 | Lair:4   | Killed a death yak
 14515 | Lair:4   | Killed a death yak
 14516 | Lair:4   | Killed a death yak
 14516 | Lair:4   | Reached ****** piety under Okawaru
 14516 | Lair:4   | Killed a death yak
 14517 | Lair:4   | Reached skill level 1 in Invocations
 14587 | Lair:4   | Identified the +5 longbow of Perfectionism {venom, +Blink}
                  | (Okawaru gifted it to you on level 4 of the Lair of Beasts)
 14587 | Lair:4   | Received a gift from Okawaru
 14759 | Lair:4   | Noticed a six-headed hydra
 14768 | Lair:4   | Killed a two-headed hydra
 15153 | Lair:5   | Noticed a seven-headed hydra
 15160 | Lair:5   | Killed a four-headed hydra
 15170 | Lair:5   | Reached skill level 10 in Armour
 15453 | Lair:5   | Found a runed translucent door.
 15453 | Lair:5   | Found a viscous altar of Jiyva.
 15476 | Lair:5   | Found a staircase to the Slime Pits.
 15873 | Lair:6   | Entered Level 6 of the Lair of Beasts
 15914 | Lair:6   | Noticed a four-headed hydra
 15922 | Lair:6   | Killed a one-headed hydra
 15953 | Lair:6   | Noticed a six-headed hydra
 15961 | Lair:6   | Killed a one-headed hydra
 16023 | Lair:6   | Found a runed translucent door.
 16024 | Lair:6   | Noticed AlmostDecent's ghost (journeyman GnEE)
 16127 | Lair:6   | Received a gift from Okawaru
 16158 | Lair:6   | Reached skill level 10 in Shields
 16186 | Lair:6   | Noticed a boulder beetle
 16260 | Lair:6   | Reached XP level 13. HP: 97/139 MP: 14/14
 16618 | Lair:6   | Identified the +1 robe "Ygrubb" {Str+5 Slay+4 SInv Stlth-}
                  | (Okawaru gifted it to you on level 6 of the Lair of Beasts)
 16618 | Lair:6   | Received a gift from Okawaru
 17206 | Lair:6   | Killed AlmostDecent's ghost
 17207 | Lair:6   | Reached skill level 15 in Axes
 17461 | Orc:1    | Entered Level 1 of the Orcish Mines
 17705 | Orc:2    | Entered Level 2 of the Orcish Mines
 17705 | Orc:2    | Found a gate leading to a gauntlet.
 17705 | Orc:2    | Found Cicos's Antique Armour Shop.
 17812 | Orc:2    | Noticed an orc warlord
 17817 | Gauntlet | Entered a Gauntlet
 17817 | Gauntlet | Found a transporter.
 17817 | Gauntlet | Found a transporter.
 17826 | Gauntlet | Found a transporter.
 17826 | Gauntlet | Found a transporter.
 17856 | Gauntlet | Found a transporter.
 17856 | Gauntlet | Found a transporter.
 17867 | Gauntlet | Found a transporter.
 17867 | Gauntlet | Found a transporter.
 17888 | Gauntlet | Found a transporter.
 17893 | Gauntlet | Found a runed translucent door.
 17893 | Gauntlet | Found a runed translucent door.
 17897 | Gauntlet | Found a transporter.
 17912 | Gauntlet | Found a transporter.
 17915 | Gauntlet | Found a transporter.
 17926 | Gauntlet | Reached skill level 5 in Invocations
 18008 | Gauntlet | Noticed a minotaur
 18016 | Gauntlet | Killed a minotaur
 18080 | Gauntlet | Identified the +9 dagger of the Howling Seeker {pain, rElec
                  | rC+ Will+ Stlth+}
 18431 | Orc:2    | Killed an orc warlord
 18517 | Orc:2    | Found Fuwkous's Antique Weapon Boutique.
 18520 | Orc:2    | Found Nawuzuff's Jewellery Shoppe.
 18523 | Orc:2    | Noticed Sonja
 18530 | Orc:2    | Received a gift from Okawaru
 18532 | Orc:2    | Killed Sonja
 18573 | Orc:2    | HP: 7/141 [orc warrior (9)]
 18675 | Orc:2    | Found Wanigiu's General Store.
 18689 | Orc:2    | Bought a potion of curing for 33 gold pieces
 18689 | Orc:2    | Bought a potion of curing for 33 gold pieces
 18689 | Orc:2    | Bought a potion of invisibility for 88 gold pieces
 18719 | Orc:2    | Bought a ring of protection from fire for 300 gold pieces
 18975 | Orc:2    | Found a staircase to the Elven Halls.
 18978 | Orc:2    | Reached XP level 14. HP: 49/146 MP: 15/17
 19402 | Elf:1    | Entered Level 1 of the Elven Halls
 19511 | Elf:1    | Found a shimmering altar of Xom.
 19901 | Elf:1    | Received a gift from Okawaru
 19960 | Elf:1    | Paralysed by an air elemental for 1 turns
 20070 | Elf:1    | Noticed Nikola
 20085 | Elf:1    | Killed Nikola
 20187 | Elf:1    | Reached skill level 15 in Armour
 20840 | Elf:1    | Noticed an Ice Fiend
 20977 | Elf:1    | Identified the +8 trident of Checks and Balances
                  | {antimagic, rN+ Str+5 Dex-4 SInv}
 21378 | D:11     | Found Atopinid's Changing Room.
 22107 | D:12     | Received a gift from Okawaru
 22387 | D:12     | Found a snail-covered altar of Cheibriados.
 22471 | D:13     | Reached XP level 15. HP: 151/158 MP: 19/19
 22823 | D:14     | Received a gift from Okawaru
 23466 | D:15     | Entered Level 15 of the Dungeon
 23491 | D:15     | Reached skill level 1 in Evocations
 23898 | D:15     | Found a staircase to the Depths.
 24183 | D:15     | Identified the +1 battleaxe of Governance {freeze, rF+ rC-
                  | Str+6} (Okawaru gifted it to you on level 15 of the
                  | Dungeon)
 24183 | D:15     | Received a gift from Okawaru
 24734 | Spider:1 | Entered Level 1 of the Spider Nest
 25009 | Spider:1 | Identified the +11 crystal plate armour of Peek-a-Boo
                  | {Dex+3} (Okawaru gifted it to you on level 1 of the Spider
                  | Nest)
 25009 | Spider:1 | Received a gift from Okawaru
 25175 | Spider:1 | Noticed an emperor scorpion
 25188 | Spider:1 | Killed an emperor scorpion
 25661 | Lair:3   | Killed Dikli's ghost
 26061 | Spider:1 | Reached XP level 16. HP: 149/167 MP: 20/20
 26886 | Spider:2 | Reached skill level 5 in Evocations
 27369 | Spider:2 | Noticed Louise
 27556 | Spider:2 | Killed Louise
 27556 | Spider:2 | Received a gift from Okawaru
 29463 | Spider:3 | Found a runed translucent door.
 29542 | Spider:3 | Noticed rocky1's ghost (adept MiFi)
 29953 | Spider:3 | Received a gift from Okawaru
 29954 | Spider:3 | Reached skill level 15 in Shields
 30155 | Spider:3 | Acquired 985 gold pieces
 31121 | Spider:4 | Entered Level 4 of the Spider Nest
 31499 | Spider:4 | Received a gift from Okawaru
 32207 | Spider:4 | Reached XP level 17. HP: 176/176 MP: 21/21
 32229 | Spider:4 | Gained mutation: Your magical capacity is low. (-10% MP)
                  | [mutagenic glow]
 33312 | Spider:4 | HP: 5/176 [emperor scorpion (8)]
 33313 | Spider:4 | Killed from afar by a meliai

Illustrated notes

#.# #.........#
#.......# ###
###########
######### # #.
.#.## ###
..#..#### ####..
....#.#.##
###...##
..l......###
####..####
#.$..@..†###....##
#.#.###.........##
###.####### ###


Turn 10579 on D:10: trove +5 demon

Levels and vault maps discovered:
D:1:      dpeg_arrival_rooms_a, layout_loops_corners, minmay_hedge_maze
D:2:      layout_loops_ring, uniq_robin, uniq_terence
D:3:      layout_basic, shapermc_ecumenical_altar_flowoftime,
          grunt_ministairs_7, nicolae_concentric_dashed_squares_wild,
          minivault_27, minmay_unequal
D:4:      layout_cave_pods
D:5:      layout_layer_cave, minmay_temple_entry_mist
D:6:      layout_cave_pools, nicolae_ru_path_of_blood, amcnicky_mini_pool_small,
          grunt_decor_clamped, hangedman_decor_diamond_cutter,
          hangedman_feature_mirror, minmay_pentangle
D:7:      layout_loops_ring, uniq_maggie, uniq_duvessa
D:8:      layout_basic, minivault_25
D:9:      layout_rooms
D:10:     layout_roguey, erik_lair_dragon, enter_trove_0, uniq_snorg
D:11:     minmay_the_grid_triangle_9x9_recursive_2_mashed
          [minmay_the_grid_triangle_9x9_prize_center,
          minmay_the_grid_triangle_9x9_odd_lines,
          minmay_the_grid_triangle_9x9_limited_checkers,
          minmay_the_grid_triangle_9x9_warning], layout_long_grid,
          minmay_orc_entry_temple_large, nicolae_transmutations_shop,
          minmay_lindwurm_lava
D:12:     layout_irregular_city, amcnicky_mini_corridor_feature,
          minmay_misc_feat_more_columns, kennysheep_decorative_pillar,
          cheibrodos_worm_habitat
D:13:     minmay_inside_and_out, layout_loops_corners, david_vaults_1,
          patterned_corridor, uniq_jorgrun
D:14:     layout_basic
D:15:     grunt_enter_depths_snipers, layout_long_grid, kennysheep_inner_square
Temple:   regret_index_temple_sigil_plot
Lair:1:   layout_roguey [special_room_bee]
Lair:2:   layout_regular_city, eino_house_with_fridge, serial_bayou_shore_b,
          lemuel_fruit_tree
Lair:3:   layout_cave_pods, minmay_shoals_entry_hut, spider_nest_entry_webs,
          enter_volcano_2, gammafunk_ghost_necromancy,
          kennysheep_abandoned_house
Lair:4:   layout_loops_ring, gammafunk_ghost_hive, lemuel_fruit_fields
Lair:5:   layout_gridlike, slime_altar_2
Lair:6:   minmay_lair_end_enchanted_forest, layout_layer_cave,
          ebering_ghost_inner_flame
Spider:1: layout_spider_delve, hangedman_spider_tarantella_strand
Spider:2: layout_spider_delve, nicolae_spider_circle_web, uniq_louise
Spider:3: layout_chambers, hellmonk_ghost_happy_afterlife
Spider:4: grunt_spider_rune_parallel
Orc:1:    layout_caves, mines2_david
Orc:2:    grunt_orc_gardens, layout_caves, grunt_orc_garden, grunt_orc_garden,
          grunt_orc_garden, grunt_orc_garden, gauntlet_entry_generic,
          nicolae_orc_stony_grotto, uniq_sonja
Elf:1:    elf_arrival_001, layout_loops_cross, basic_altar,
          kennysheep_underground_church, uniq_nikola

Skill      XL: |  1  2  3  4  5  6  7  8  9 10 11 12 13 14 15 16 17 |
---------------+----------------------------------------------------+-----
Axes           | 3 4 5 6 8 9 11 13 14 16 17 18 | 18.2
Shields        | 4 5 7 9 10 11 12 14 15 | 15.4
Fighting       | 4 7 10 13 15 16 17 18 19 20 21 | 21.9
Armour         | 5 7 8 11 13 16 19 20 21 | 21.0
Dodging        | 3 |  3.2
Invocations    | 3 5 7 |  7.1
Evocations     | 4 6 |  6.8

Action                   |  1- 3 |  4- 6 |  7- 9 | 10-12 | 13-15 | 16-18 || total
-------------------------+-------+-------+-------+-------+-------+-------++-------
Melee: War axe           |    67 |   129 |   143 |       |       |       ||   339
       Headbutt          |     9 |    23 |    46 |    85 |   230 |   143 ||   536
       Broad axe         |       |       |    68 |   514 |   892 |   529 ||  2003
       Kick              |       |       |       |    30 |       |       ||    30
Invok: Heroism           |       |       |       |     2 |    12 |     5 ||    19
       Finesse           |       |       |       |       |       |     2 ||     2
  Use: Scroll            |     1 |     1 |    15 |    15 |     3 |     8 ||    43
       Potion            |       |       |     3 |     9 |     8 |     3 ||    23
 Stab: Held in net/web   |       |       |       |       |       |     1 ||     1
Armor: Scale mail        |    16 |       |       |       |       |       ||    16
       Plate armour      |    19 |    71 |    92 |   126 |       |       ||   308
       Skin              |       |       |       |     4 |       |       ||     4
       Chain mail        |       |       |       |    70 |   207 |       ||   277
       Crystal plate arm |       |       |       |       |   108 |   387 ||   495
Dodge: Dodged            |    33 |    21 |    57 |   137 |   225 |   105 ||   578
Block: Buckler           |    12 |    61 |   131 |   373 |   584 |   415 ||  1576
       Reflection        |       |       |     7 |     3 |    28 |       ||    38
